 Dungeon Crawl Stone Soup version 0.31-a0-868-g674d60d6f7 (webtiles) character file.

Game seed: 3507377676105355531

177 Fodor the Slasher (level 5, 0/5 HPs)
             Began as a Minotaur Fighter on Oct 11, 2023.
             Splashed by a jelly's acid (3 damage)
             ... on level 4 of the Dungeon.
             The game lasted 00:15:49 (2794 turns).

Fodor the Slasher (Minotaur Fighter)                Turns: 2794, Time: 00:15:50

Health: 0/5        AC:  9    Str: 23    XL:     5   Next: 31%
Magic:  4/4        EV: 16    Int:  5    God:
Gold:   110        SH:  4    Dex:  9    Spells: 4/4 levels left

rFire   x . .        a - +0 long sword
rCold   + . .        c - +0 buckler
rNeg    + . .        b - melded +0 chain mail
rPois   ∞            (helmet restricted)
rElec   +            t - +1 cloak
rCorr   .            (gloves currently unavailable)
SInv    .            (boots currently unavailable)
Will    .....        (no amulet)
Stlth   +            g - ring of ice
HPRegen 0.20/turn    o - +5 ring of evasion
MPRegen 0.09/turn

%: no passive effects
@: statue-form, very slow
A: slow and powerful, torment resistance 1, reduced hp, horns 2, retaliatory
headbutt
a: Begin Untransformation


You were on level 4 of the Dungeon.
You were a living statue of rough stone.
You visited 1 branch of the dungeon, and saw 4 of its levels.

You collected 110 gold pieces.

Inventory:

Hand Weapons
 a - a +0 long sword (weapon)
Missiles
 n - 9 poisoned darts
 w - 2 boomerangs (quivered)
Armour
 b - a +0 chain mail (melded)
 c - a +0 buckler (worn)
 t - a +1 cloak (worn)
Jewellery
 g - a ring of ice (left fist)
 o - a +5 ring of evasion (right fist)
 p - a ring of flight
 u - a +6 ring of dexterity
Talismans
 s - a granite talisman (active)
Scrolls
 i - 3 scrolls of immolation {unknown}
 j - a scroll of summoning {unknown}
 k - 4 scrolls of identify {unknown}
 m - a scroll of fear {unknown}
 q - a scroll of noise {unknown}
 r - a scroll of revelation {unknown}
 v - a scroll of teleportation {unknown}
Potions
 d - a potion of might
 e - a potion of degeneration {unknown}
 f - 3 potions of lignification {unknown}
 h - 2 potions of berserk rage {unknown}
 l - a potion of brilliance {unknown}


   Skills:
 + Level 4.2 Fighting
 + Level 4.8 Long Blades
 + Level 0.3 Throwing
 + Level 4.4 Armour
 + Level 1.7 Dodging
 + Level 0.2 Stealth
 + Level 4.1 Shields


You had 4 spell levels left.
You didn't know any spells.
Your spell library contained the following spells:

 Spells                   Type           Power      Damage    Failure   Level
 Blink                    Tloc           0%         N/A       67%         2
 Lesser Beckoning         Tloc           0%         N/A       67%         2
 Momentum Strike          Conj/Tloc      0%         3d8       67%         2
 Ignite Poison            Fire/Tmut/Pois 0%         N/A       88%         3
 Sticky Flame             Conj/Fire      0%         2d3       99%         4
 Ignition                 Fire           0%         3d3       100%        8


Dungeon Overview and Level Annotations

Branches:
Dungeon (4/15)
 Temple: D:4-7

Altars:
Ashenzari
Fedhas
Ru

Shops:
D:1 [


Innate Abilities, Weirdness & Mutations

You are a living statue of rough stone.
Your actions are slow, but your melee attacks are powerful.
You are resistant to unholy torment.
Your maximum health is decreased, since you lack skill for your form.
Your equipment is partially melded.
You are immune to poison.
You have a pair of horns on your head.
You reflexively headbutt those who attack you in melee.


Message History

You see here 2 boomerangs.
w - 2 boomerangs You hit the quokka.
You kill the quokka!
You see here a quokka corpse.
A giant cockroach comes into view.
An adder comes into view.
The adder hisses angrily.
The giant cockroach closely misses you.
You hit the giant cockroach but do no damage.
The giant cockroach completely misses you.
The giant cockroach bites you but does no damage.
The adder barely misses you.
The giant cockroach bites you but does no damage.
You barely miss the giant cockroach. The adder closely misses you.
The giant cockroach closely misses you. You furiously retaliate!
You headbutt the giant cockroach!!
You kill the giant cockroach!
The adder closely misses you. The adder barely misses you.
The adder closely misses you. You furiously retaliate!
You headbutt the adder!
You kill the adder!
Things that are here:
5 stones; a giant cockroach corpse
Found a stone staircase leading down.
An iguana comes into view.
The iguana barely misses you.
A jelly comes into view.
Found a blossoming altar of Fedhas.
The jelly quivers.
The iguana barely misses you. You furiously retaliate!
You headbutt the iguana. You slash the iguana!
The iguana is severely wounded.
The iguana bites you. You block the iguana's attack.
You closely miss the iguana. Your headbutt misses the iguana.
The iguana is severely wounded.
The iguana misses you. You furiously retaliate!
You headbutt the iguana!
You kill the iguana!
Found a sacrificial altar of Ru.
You slash the jelly!
Your fists burn!
Ouch! That really hurt!
You die...

###################
#.................######
#..............>........
#.......................
#.......................
#..(....................
#.............8J........
#.............#.##......
#........##...#.# ......
#.............#.# ......
#........#....#.. _....
###†....##....#.. .....
#####.###.##.####...
................ ._.
...................


You could see a jelly.

Vanquished Creatures
  An iguana (D:4)
  8 adders
  2 worms (D:2)
  3 dart slugs
  An orc (D:4)
  3 ball pythons
  9 bats
  4 endoplasms
  5 giant cockroaches
  7 goblins
  6 hobgoblins
  4 quokkas
  3 frilled lizards
  10 kobolds
  4 rats
70 creatures vanquished.

Notes
Turn   | Place    | Note
-------+----------+-------------------------------------------
     0 | D:1      | Fodor the Minotaur Fighter began the quest for the Orb.
     0 | D:1      | Reached XP level 1. HP: 19/19 MP: 0/0
    42 | D:1      | Found Vutealagg's Armour Emporium.
    86 | D:1      | Reached XP level 2. HP: 27/27 MP: 1/1
  1222 | D:2      | Reached XP level 3. HP: 15/33 MP: 2/2
  1782 | D:3      | Reached XP level 4. HP: 39/40 MP: 3/3
  2213 | D:3      | Found a faded altar of an unknown god.
  2223 | D:3      | Found a broken altar of Ashenzari.
  2679 | D:4      | Reached skill level 1 in Dodging
  2732 | D:4      | Reached XP level 5. HP: 5/46 MP: 4/4
  2789 | D:4      | Found a blossoming altar of Fedhas.
  2793 | D:4      | Found a sacrificial altar of Ru.
  2794 | D:4      | Splashed by a jelly's acid

Illustrated notes

Levels and vault maps discovered:
D:1:      spicycebolla_arrival_clurvy, layout_loops_corners, serial_shops, shop,
          st_stairs_13
D:2:      layout_basic, minmay_ruptured
D:3:      layout_basic, nicolae_overflow_ecumenical_swirl
D:4:      layout_basic, okawaru_metal_pillars_1_2, grunt_temple_overflow_open,
          xom_teletrap_fun

Skill      XL: |  1  2  3  4 |
---------------+-------------+-----
Long Blades    | 3 4 |  4.8
Armour         | 4 |  4.4
Shields        | 4 |  4.1
Fighting       | 4 |  4.2
Dodging        | 1 |  1.7
Throwing       | |  0.3
Stealth        | |  0.2

Action                     |  1- 3 |  4- 6 || total
---------------------------+-------+-------++-------
  Melee: Long sword        |   111 |    57 ||   168
         Headbutt          |    13 |    10 ||    23
  Throw: Dart              |       |     5 ||     5
   Stab: Sleeping          |       |     1 ||     1
 Armour: Scale mail        |    21 |       ||    21
         Chain mail        |    39 |    16 ||    55
         Skin              |       |    15 ||    15
  Dodge: Dodged            |    48 |    59 ||   107
  Block: Buckler           |    43 |    17 ||    60
   Form: Statue            |       |     2 ||     2
                           |       |     1 ||     1

Table legend: (Time is in decaauts)
 A = Elapsed time spent in this place.
 B = Non-inter-level travel time spent in this place.
 C = Inter-level travel time spent in this place.
 D = Time resting spent in this place.
 E = Time spent auto-exploring this place.
 F = Levels seen in this place.
 G = Mean time per level.
                   A        B        C        D        E       F      G
               +--------+--------+--------+--------+--------+-----+--------+
         Total |   3029 |   3029 |      0 |    252 |      0 |   4 |  757.2 |
       Dungeon |   3029 |   3029 |      0 |    252 |      0 |   4 |  757.2 |
               +--------+--------+--------+--------+--------+-----+--------+

Top non-repeatable levels by time:
     D:3: 1037 daAuts
     D:2: 929 daAuts
     D:1: 849 daAuts
     D:4: 211 daAuts
